cohdb
Replays
Latest Replays
All Replays
Popular Replays
Top Player Replays
Match Explorer
How It Works
Community
CoH3 Stats
Reddit
Sign in to upload your games and track your stats! →
Sign in with Steam
Match 42955846
Unlisted
Match 42955846
Overview
Messages
Build Orders
End
Vickers Machine Gun Team
Construct Section Command Post
Infantry Section
Infantry Section
Infantry Section
Construct Field Infirmary
Grenade Package
Construct Platoon Command Post
6-pounder Anti-tank Gun Team
Selects Air and Sea Battlegroup
Selects Supply Surplus
Construct Field Infirmary
Forward Retreat Point
>>>---[APACHON]--->
maerryM2
corporalpunishment83
gUi
onator210
elite_cz
Phantom
ileikpuss
0
0
Comments
sign in to comment!
No comments posted yet!